Map: Séquenceur EC

Players

Markhuz

  • Race: Terran Terran
  • League: Platinum
  • Spawn Location: 1:00

zidar - Winner!

  • Race: Zerg Zerg
  • League: Gold
  • Spawn Location: 7:00

VOD

Have the link to the VOD?

Description

Time

  • Played on: July 8, 2017, 4:06 p.m.
  • Length: 6:52
Show
View Real Time Build Order
Export as new Build Order

Markhuz Terran 

Build Orders: Cyclone Opening 

Get SALT Encoding   

  12  0:01  SCV  
  13  0:16  Supply Depot  
  13  0:18  SCV  
  14  0:25  Refinery  
  14  0:30  SCV  
  15  0:41  Refinery  
  15  0:42  SCV  
  16  0:54  SCV  
  17  0:58  Barracks  
  17  1:06  SCV  
  18  1:18  SCV  
  18  1:22  Supply Depot  
  19  1:30  SCV  
  20  1:43  SCV  
  21  1:47  Factory  
  21  1:49  Barracks Reactor  
  21  1:56  Orbital Command  
  21  2:25  Supply Depot  
  21  2:38  Cyclone x2  
  21  2:40  SCV  
  28  2:53  SCV  
  29  3:10  Cyclone x2  
  35  3:27  Command Center  
  35  3:37  Supply Depot  
  35  3:42  Cyclone  
  38  3:56  Cyclone  
  38  3:59  Supply Depot  
  35  4:14  Factory  
  35  4:20  Engineering Bay  
  35  4:27  Barracks Tech Lab  
  35  4:39  Cyclone  
  26  5:30  Siege Tank  
  26  5:31  Planetary Fortress  
  29  5:43  Factory Tech Lab  
  29  5:54  Marine x2  
  31  6:00  Supply Depot  
  30  6:06  Starport  
Show
View Real Time Build Order
Export as new Build Order

zidar Zerg - Winner!

Build Orders: Hatch First 

Get SALT Encoding   

  12  0:02  Drone  
  13  0:13  Overlord  
  13  0:18  Drone  
  14  0:31  Drone x2  
  16  0:36  Drone  
  17  0:57  Hatchery  
  17  0:58  Drone  
  17  1:09  Extractor, Drone  
  17  1:25  Spawning Pool  
  16  1:26  Drone  
  16  1:27  Drone  
  16  1:32  Drone  
  19  2:21  Roach Warren  
  17  2:23  Drone x2  
  17  2:24  Drone x3  
  17  2:28  Queen  
  17  2:29  Queen  
  26  2:34  Overlord  
  26  3:02  Extractor  
  25  3:08  Roach  
  27  3:14  Roach x2  
  27  3:15  Roach x2  
  35  3:22  Overlord x2  
  35  3:42  Roach x3  
  35  3:47  Roach  
  39  4:05  Roach  
  39  4:07  Roach  
  39  4:08  Roach x3  
  39  4:09  Roach  
  51  4:12  Overlord x2  
  51  4:27  Ravager  
  52  4:34  Roach x4  
  52  4:36  Ravager  
  61  4:42  Ravager  
  62  4:50  Overlord  
  62  5:01  Ravager  
  63  5:18  Roach x3  
  65  5:31  Ravager  
  66  5:38  Ravager  
  67  5:48  Overlord x3  
Tags
 
Add a new tag
Caveats
  • Supply blocks, unpowered buildings, or Contaminate may cause inaccurate times.
  • Supply counts are checked every 10 seconds.